 Dungeon Crawl Stone Soup version 0.29.0-15-g675c0067aa (webtiles) character file.

Game seed: 3201722391326859158

8892 greasedhog the Basher (level 11, -3/72 HPs)
             Began as a Gargoyle Wanderer on Sept 11, 2022.
             Was a Priest of Trog.
             Slain by a gnoll sergeant
             ... wielding a +0 spear
              (8 damage)
             ... on level 9 of the Dungeon on Sept 12, 2022.
             The game lasted 00:15:59 (9826 turns).

greasedhog the Basher (Gargoyle Wanderer)           Turns: 9826, Time: 00:15:59

Health: -3/72      AC: 22    Str: 22 (23) XL:     11   Next: 38%
Magic:  11/11      EV: 13    Int: 13      God:    Trog [***...]
Gold:   423        SH:  0    Dex: 10      Spells: 10/10 levels left

rFire   + + .      SeeInvis .   p - +1 dire flail (drain)
rCold   + + .      Faith    .   (shield currently unavailable)
rNeg    + . .      Spirit   .   u - +0 steam dragon scales
rPois   ∞          Reflect  .   d - +0 helmet
rElec   +          Harm     .   D - scarf {rC+ rF+}
rCorr   .          Rampage  ∞   (no gloves)
Will    ++...                   t - +3 pair of seven-league boots {Rampage+∞}
Stlth   +.........              (no amulet)
HPRegen 0.22/turn               g - ring "Cojav" {rElec rF+ Will++ Str+4}
MPRegen 0.12/turn               x - ring of protection from cold

@: no status effects
A: sickness immunity, AC +8, negative energy resistance 1, electricity
resistance, torment resistance 1, petrification resistance, iridescent scales 1,
deterioration 1, MP-powered wands
a: Renounce Religion, Berserk, Trog's Hand


You were on level 9 of the Dungeon.
You worshipped Trog.
Trog was most pleased with you.
You visited 2 branches of the dungeon, and saw 10 of its levels.

You collected 423 gold pieces.

Inventory:

Hand Weapons
 p - a +1 dire flail of draining (weapon)
 C - a +2 mace of holy wrath
Missiles
 f - 4 curare-tipped darts (quivered)
 q - a throwing net
Armour
 d - a +0 helmet (worn)
 t - the +3 pair of seven-league boots (worn) {Rampage+∞}
   (You acquired it on level 4 of the Dungeon)

   Its wearer moves as far as possible in that direction when moving towards
   enemies.
 u - +0 steam dragon scales (worn)
 D - a scarf of resistance (worn)
Jewellery
 g - the ring "Cojav" (left hand) {rElec rF+ Will++ Str+4}
   (You acquired it on level 3 of the Dungeon)

   [ring of protection from fire]

   Str:       It affects your strength (+4).
   rF:        It protects you from fire.
   rElec:     It insulates you from electricity.
   Will:      It greatly increases your willpower.
 x - a ring of protection from cold (right hand)
Wands
 b - a wand of iceblast (8)
Scrolls
 c - a scroll of brand weapon {unknown}
 h - a scroll of identify
 j - a scroll of poison {unknown}
 k - 2 scrolls of teleportation
 l - a scroll of silence
 m - a scroll of fog
 r - a scroll of vulnerability
 v - 2 scrolls of blinking
 y - a scroll of enchant weapon {unknown}
 A - 2 scrolls of immolation {unknown}
Potions
 a - a potion of mutation
 e - 2 potions of heal wounds
 i - a potion of magic {unknown}
 n - 2 potions of attraction {unknown}
 o - a potion of berserk rage {unknown}
 s - a potion of invisibility {unknown}
 w - 2 potions of might
 z - 2 potions of curing {unknown}
 B - a potion of degeneration {unknown}
 E - a potion of haste
 F - a potion of ambrosia {unknown}


   Skills:
 - Level 10.1 Fighting
 * Level 12.5 Maces & Flails
 * Level 6.3 Armour
 - Level 5.2 Dodging
 - Level 1.1 Stealth
 - Level 3.0 Unarmed Combat


You had 10 spell levels left.
You didn't know any spells.
Your spell library contained the following spells:

 Spells                   Type           Power      Damage    Failure   Level
 Magic Dart               Conj           0%         1d3       30%         1
 Searing Ray              Conj           0%         2d4       43%         2
 Ozocubu's Armour         Ice            0%         N/A       67%         3
 Fulminant Prism          Conj/Hex       0%         3d6       97%         4
 Metabolic Englaciation   Hex/Ice        0%         N/A       100%        5
 Simulacrum               Ice/Necr       0%         N/A       100%        6


Dungeon Overview and Level Annotations

Branches:
Dungeon (9/15)             Temple (1/1) D:4
   Lair: D:8-11         Orc: D:9-12

Altars:
Ashenzari
Elyvilon
Fedhas
Gozag
Hepliaklqana
Kikubaaqudgha
Makhleb
Nemelex Xobeh
Okawaru
Qazlal
Ru
Sif Muna
Trog
Uskayaw
Vehumet
Wu Jian
Xom
Yredelemnul
Zin
The Shining One


Innate Abilities, Weirdness & Mutations

You are immune to sickness and miasma.
Your stone body is resilient. (AC +8)
You are immune to poison.
You resist negative energy. (rN+)
You are resistant to electric shocks. (rElec)
You are resistant to unholy torment.
You are immune to petrification.
You are partially covered in iridescent scales. (AC +2)
Your body sometimes deteriorates upon taking damage.
You expend magic power (3 MP) to strengthen your wands.


Message History

Trog accepts your kill.
Things that are here:
a +0 spear; a gnoll corpse
There is a radiant altar of Vehumet here.
The gnoll attacks as you move away! The gnoll barely misses you.
The gnoll misses you.
Things that are here:
a +0 flail; a gnoll corpse; a yak corpse You recover from your berserk rage.
Items here: )) [[ †††.
The gnoll attacks as you move away! The gnoll hits you with a +0 flail.
Things that are here:
a +0 giant club; a +0 dire flail; a two-headed ogre corpse
Things that are here:
a +0 giant spiked club; a +0 giant spiked club; a two-headed ogre corpse You hit the gnoll.
The gnoll is moderately wounded.
The gnoll hits you but does no damage. The gnoll misses you.
You sock the gnoll!
You kill the gnoll!
Trog accepts your kill. The gnoll closely misses you.
You stride towards the gnoll!
You hit the gnoll.
The gnoll is heavily wounded.
The gnoll hits you with a +0 halberd.
* * * LOW HITPOINT WARNING * * *
The gnoll sergeant hits you from afar with a +0 spear!
* * * LOW HITPOINT WARNING * * *
You hit the gnoll.
The gnoll is heavily wounded.
You hit the gnoll.
The gnoll is severely wounded.
The gnoll barely misses you.
The gnoll sergeant hits you from afar with a +0 spear!
* * * LOW HITPOINT WARNING * * *
You barely miss the gnoll.
The gnoll is severely wounded.
The gnoll closely misses you.
The gnoll sergeant hits you from afar with a +0 spear!
You die...

###.#.# #...#.#
#.#<#.#####
#.#.#...... #.#..##
#.....# .#####.._..#
.[......8..#########
......$)_.)gg@)....#
.....:.....#######..#
######.#.### .#
...... # ###.#.##
#.... #..## #..


You could see a gnoll sergeant and a gnoll.

Vanquished Creatures
  Erica (D:9)
  2 two-headed ogres (D:9)
  An ice statue (D:8)
  6 ice devils (D:8)
  A hornet (D:9)
  A shadow (D:9)
  9 yaks
  2 steam dragons
  A water moccasin (D:9)
  3 orc warriors
  3 ice beasts
  2 black bears
  2 ogres
  A centaur (D:8)
  A kobold brigand (D:5)
  A phantom (D:7)
  2 bullfrogs
  3 necrophages
  2 scorpions (D:5)
  5 wights (D:7)
  5 killer bees (D:8)
  4 howler monkeys
  3 jellies
  9 orc priests
  Crazy Yiuf (D:2)
  2 gnoll boudas
  3 hounds
  4 iguanas
  Natasha (D:2)
  8 orc wizards
  14 gnolls
  4 adders
  A river rat (D:4)
  A shadow imp (D:3)
  2 white imps
  6 ufetubi
  5 worms
  2 dart slugs
  22 orcs
  8 ball pythons
  5 endoplasms
  4 giant cockroaches
  6 goblins
  8 hobgoblins
  13 jackals
  3 quokkas
  5 bats
  5 frilled lizards
  14 kobolds
  7 rats
  A butterfly (D:4)
225 creatures vanquished.

Vanquished Creatures (others)
  An ufetubus (D:8)
  2 fungi (D:2)
  8 plants
11 creatures vanquished.

Grand Total: 236 creatures vanquished

Notes
Turn   | Place    | Note
-------+----------+-------------------------------------------
     0 | D:1      | greasedhog the Gargoyle Wanderer began the quest for the
                  | Orb.
     0 | D:1      | greasedhog set off with the following items: a +0 mace, a
                  | potion of might, a potion of brilliance, a +0 helmet, a
                  | potion of heal wounds, a +0 leather armour.
     0 | D:1      | Reached XP level 1. HP: 12/12 MP: 1/1
   281 | D:1      | Reached XP level 2. HP: 14/18 MP: 2/2
   966 | D:1      | Reached XP level 3. HP: 23/23 MP: 3/3
  1168 | D:1      | Reached skill level 3 in Maces & Flails
  1802 | D:2      | Reached XP level 4. HP: 28/28 MP: 4/4
  1989 | D:2      | Found a faded altar of an unknown god.
  2382 | D:2      | Noticed Natasha
  2391 | D:2      | Killed Natasha
  2684 | D:2      | Found a runed translucent door.
  2685 | D:2      | Noticed Crazy Yiuf
  2688 | D:2      | Gained mutation: Your body sometimes deteriorates upon
                  | taking damage. [potion of mutation]
  2688 | D:2      | Gained mutation: You expend magic power (3 MP) to
                  | strengthen your wands. [potion of mutation]
  2688 | D:2      | Gained mutation: You are partially covered in iridescent
                  | scales. (AC +2) [potion of mutation]
  2702 | D:2      | HP: 1/43 [Crazy Yiuf/+3 quarterstaff of chaos (7)]
  2704 | D:2      | Killed Crazy Yiuf
  2705 | D:2      | Reached XP level 5. HP: 32/34 MP: 0/5
  2863 | D:3      | Reached skill level 4 in Maces & Flails
  2989 | D:3      | Noticed an ice beast
  3014 | D:3      | Killed an ice beast
  3015 | D:3      | Reached skill level 5 in Fighting
  3015 | D:3      | Reached XP level 6. HP: 26/40 MP: 6/6
  3252 | D:3      | Identified a scroll of acquirement
  3333 | D:3      | Acquired a +1 dire flail of draining
  3336 | D:3      | Acquired the ring "Cojav" {rElec rF+ Will++ Str+4}
  3586 | D:3      | Found a stormy altar of Qazlal.
  3725 | D:4      | Found a staircase to the Ecumenical Temple.
  3725 | D:4      | Noticed a black bear
  3730 | D:4      | Killed a black bear
  3731 | D:4      | Reached skill level 5 in Maces & Flails
  4133 | D:4      | Reached XP level 7. HP: 44/44 MP: 7/7
  4409 | D:4      | Acquired the +3 pair of seven-league boots {Rampage+∞}
  4409 | D:4      | Found the +3 pair of seven-league boots {Rampage+∞}
  4697 | Temple   | Entered the Ecumenical Temple
  4702 | Temple   | Became a worshipper of Trog the Wrathful
  4746 | D:5      | Entered Level 5 of the Dungeon
  5208 | D:5      | Reached skill level 6 in Maces & Flails
  5244 | D:5      | Reached skill level 5 in Armour
  5280 | D:5      | Found a glowing golden altar of the Shining One.
  5301 | D:5      | Reached skill level 1 in Dodging
  5301 | D:5      | Reached XP level 8. HP: 49/49 MP: 8/8
  5306 | D:5      | Reached * piety under Trog
  5796 | D:5      | Reached skill level 7 in Maces & Flails
  6284 | D:6      | Reached skill level 8 in Maces & Flails
  6439 | D:6      | Reached XP level 9. HP: 54/54 MP: 9/9
  7142 | D:7      | Reached skill level 5 in Dodging
  7194 | D:7      | Reached ** piety under Trog
  7199 | D:7      | Reached skill level 9 in Maces & Flails
  8166 | D:8      | Noticed an ice devil
  8189 | D:8      | Noticed an ice devil
  8190 | D:8      | Noticed an ice devil
  8261 | D:8      | Noticed an ice devil
  8262 | D:8      | Noticed an ice devil
  8262 | D:8      | Noticed an ice devil
  8263 | D:8      | Noticed an ice statue
  8408 | D:8      | Reached skill level 10 in Maces & Flails
  8408 | D:8      | Reached XP level 10. HP: 38/61 MP: 10/10
  8748 | D:8      | Identified the +1 short sword of Ignis, Teaching {vorpal,
                  | Will+ rCorr Str+4 Dex-3}
  8925 | D:8      | Found an iron altar of Okawaru.
  9427 | D:8      | Reached skill level 11 in Maces & Flails
  9440 | D:8      | Reached *** piety under Trog
  9594 | D:8      | Killed an ice statue
  9676 | D:9      | Found a sacrificial altar of Ru.
  9676 | D:9      | Found a radiant altar of Vehumet.
  9680 | D:9      | Noticed Erica
  9705 | D:9      | Killed Erica
  9730 | D:9      | Noticed a two-headed ogre
  9731 | D:9      | Noticed a two-headed ogre
  9744 | D:9      | Killed a two-headed ogre
  9745 | D:9      | Reached skill level 10 in Fighting
  9745 | D:9      | Reached skill level 12 in Maces & Flails
  9745 | D:9      | Reached XP level 11. HP: 68/72 MP: 1/11
  9747 | D:9      | Killed a two-headed ogre
  9826 | D:9      | Slain by a gnoll sergeant

Illustrated notes

Levels and vault maps discovered:
D:1:      ebering_hopf_link, layout_loops_ring, kennysheep_minor_cross,
          chequers_serial_rivers_micro_d, minmay_misc_feat_tower
D:2:      layout_basic, shapermc_ecumenical_altar_acropolis, uniq_natasha,
          uniq_crazy_yiuf_cottage
D:3:      layout_basic, grunt_qazlal_clouds, serial_bayou_lake_a
D:4:      layout_basic, minmay_temple_entry_butterflies, portal_sewer_entry_b,
          eino_small_chamber_without_monster
D:5:      layout_basic, tso_oasis_becter
D:6:      layout_loops_ring
D:7:      layout_basic, moated_statue
D:8:      cheibrodos_frozen_isle, layout_loops_cross,
          mainiacjoe_overflow_24_doors, nicolae_figureground_pulse
D:9:      minmay_s_stair_smasher, layout_basic,
          chequers_temple_overflow_statue_of_worship, cheibriados_altar_1,
          lair_entry_dummy, orc_david_3, kennysheep_generic_room_4, uniq_erica,
          uniq_harold
Temple:   minmay_freezing_vapour_temple

Skill      XL: |  1  2  3  4  5  6  7  8  9 10 11 |
---------------+----------------------------------+-----
Fighting       | 3 4 5 6 10 | 10.1
Maces & Flails | 3 4 5 6 8 10 12 | 12.5
Armour         | 3 5 6 |  6.3
Dodging        | 1 4 5 |  5.2
Stealth        | |  1.1
Unarmed Combat | |  3.0

Action                   |  1- 3 |  4- 6 |  7- 9 | 10-12 || total
-------------------------+-------+-------+-------+-------++-------
Melee: Mace              |   114 |   128 |       |       ||   242
       Punch             |       |     1 |       |       ||     1
       Dire flail        |       |    39 |   374 |   213 ||   626
Invok: Berserk           |       |       |       |     3 ||     3
       Trog's Hand       |       |       |       |     2 ||     2
Evoke: Wand              |       |       |       |     3 ||     3
  Use: Scroll            |     1 |     5 |     5 |     1 ||    12
       Potion            |       |     4 |       |     5 ||     9
 Stab: Sleeping          |       |       |     1 |       ||     1
Armor: Leather armour    |    10 |       |       |       ||    10
       Ring mail         |    42 |    98 |   114 |       ||   254
       Skin              |       |     7 |       |       ||     7
       Steam dragon scal |       |       |    90 |    64 ||   154
Dodge: Dodged            |    65 |    93 |   215 |    94 ||   467
